 Dungeon Crawl Stone Soup version 0.32-a0-868-g153ae1a8d6 (webtiles) character file.

Game seed: 9323795064534971893

249 123dance the Covered (level 5, 0/46 HPs)
             Began as a Mountain Dwarf Fighter on Mar 28, 2024.
             Slain by a gnoll
             ... wielding a +0 halberd
              (3 damage)
             ... on level 4 of the Dungeon.
             The game lasted 00:26:34 (3811 turns).

123dance the Covered (Mountain Dwarf Fighter)       Turns: 3811, Time: 00:26:34

Health: 0/46       AC: 10    Str: 21    XL:     5   Next: 87%
Magic:  5/5        EV:  7    Int:  8    God:
Gold:   144        SH:  4    Dex:  9    Spells: 4/4 levels left

rFire   . . .        a - +0 flail
rCold   . . .        c - +0 buckler
rNeg    . . .        y - +0 chain mail
rPois   .            (no helmet)
rElec   .            (no cloak)
rCorr   .            (no gloves)
SInv    .            h - +0 pair of boots
Will    .....        (no amulet) Stlth
                     d - ring of wizardry
HPRegen 0.27/turn    (no ring)
MPRegen 0.09/turn

%: wizardry (x1)
@: no status effects
A: runic magic, artefact enchanting
a: no special abilities


You were on level 4 of the Dungeon.
You visited 1 branch of the dungeon, and saw 4 of its levels.

You collected 144 gold pieces.

Inventory:

Hand Weapons
 a - a +0 flail (weapon)
Missiles
 f - 33 stones
 j - 6 poisoned darts (quivered)
 n - 6 boomerangs
Armour
 c - a +0 buckler (worn)
 h - a +0 pair of boots (worn)
 y - a +0 chain mail (worn)
Jewellery
 d - a ring of wizardry (left hand)
Scrolls
 e - 6 scrolls of noise
 g - a scroll of teleportation
 i - a scroll of revelation {unknown}
 k - a scroll of enchant weapon {unknown}
 l - a scroll of enchant armour {unknown}
 m - a scroll of amnesia {unknown}
 p - a scroll of summoning {unknown}
 q - a scroll of poison {unknown}
 t - 3 scrolls of fear {unknown}
 u - a scroll of immolation {unknown}
 v - a scroll of identify {unknown}
Potions
 b - a potion of attraction {unknown}
 o - a potion of lignification {unknown}
 r - a potion of degeneration {unknown}
 s - a potion of enlightenment {unknown}


   Skills:
 + Level 4.0 Fighting
 + Level 4.7 Maces & Flails
 + Level 4.7 Armour
 + Level 1.3 Dodging
 + Level 3.9 Shields


You had 4 spell levels left.
You didn't know any spells.
Your spell library contained the following spells:

 Spells                   Type           Power      Damage    Failure   Level
 Cigotuvi's Dreadful Rot  Necr/Alch/Air  0%         N/A       43%         2
 Dispel Undead            Necr           0%         3d6       96%         4
 Martyr's Knell           Necr/Summ      0%         N/A       96%         4


Dungeon Overview and Level Annotations

Branches:
Dungeon (4/15)
 Temple: D:4-7

Altars:
Elyvilon


Innate Abilities, Weirdness & Mutations

Your spellcasting is much less encumbered by armour.
You can use scrolls of enchantment on lesser artefacts.


Message History

You see here a +0 sling.
Found a stone staircase leading down.
There is a stone staircase leading down here.
There is a stone staircase leading down here.
You climb downwards.
The gnoll shouts!
There is a stone staircase leading up here.
A gnoll comes into view. It is wielding a +0 halberd.
The gnoll shouts!
The gnoll barely misses you.
You hit the gnoll.
The gnoll is lightly wounded.
The gnoll barely misses you.
A gnoll comes into view. It is wielding a +0 flail.
You block the gnoll's attack. The gnoll hits you but does no damage.
The gnoll shouts!
You hit the gnoll.
The gnoll is moderately wounded.
The gnoll closely misses you. The gnoll hits you but does no damage.
The gnoll hits you with a +0 flail.
The gnoll hits you from afar with a +0 spear.
The gnoll attacks as it pursues you! The gnoll hits you with a +0 flail.
There is a stone staircase leading up here.
The gnoll attacks as it pursues you! You block the gnoll's attack.
The gnoll attacks as it pursues you! The gnoll closely misses you.
The gnoll attacks as it pursues you! The gnoll hits you with a +0 flail!
You completely miss the gnoll. The gnoll hits you but does no damage.
The gnoll barely misses you.
You barely miss the gnoll.
The gnoll hits you from afar with a +0 spear.
The gnoll hits you with a +0 spear. You block the gnoll's attack. x2
The gnoll hits you with a +0 flail.
The gnoll barely misses you. x2; The gnoll attacks as it pursues you!
The gnoll hits you with a +0 flail!
* * * LOW HITPOINT WARNING * * *
The gnoll hits you with a +0 flail!
* * * LOW HITPOINT WARNING * * *
You block the gnoll's attack.
The gnoll hits you from afar with a +0 halberd.
You die...

........# # .# .[.....<# #.
.# .......<# ##.###.#
.....#..# ......## ###.
.....#..# ..... .....
<....#.....#####.#####......
#.## #..........g.g.....# ..
#.........g.g......#
#.#########@######.# #.# #
#.# #.# ... #.# #.# #.#


You could see 4 gnolls.

Vanquished Creatures
  A scorpion (D:4)
  An orc priest (D:3)
  A hound (D:4)
  4 gnolls (D:3)
  4 adders
  A dart slug (D:3)
  A ribbon worm (D:2)
  3 orcs (D:3)
  4 bats
  4 endoplasms
  2 giant cockroaches
  3 goblins (D:1)
  8 hobgoblins
  2 kobolds
  2 quokkas (D:3)
  3 ball pythons
  A frilled lizard (D:1)
  8 rats
53 creatures vanquished.

Notes
Turn   | Place    | Note
-------+----------+-------------------------------------------
     0 | D:1      | 123dance the Mountain Dwarf Fighter began the quest for the
                  | Orb.
     0 | D:1      | Reached XP level 1. HP: 19/19 MP: 1/1
   587 | D:1      | Reached XP level 2. HP: 26/26 MP: 2/2
  1112 | D:2      | Reached XP level 3. HP: 27/31 MP: 3/3
  1903 | D:2      | You fall into a shaft and drop 2 floors!
  1918 | D:4      | Noticed a scorpion
  1935 | D:4      | Killed a scorpion
  1936 | D:4      | Reached XP level 4. HP: 28/40 MP: 4/4
  2016 | D:3      | Reached XP level 5. HP: 30/46 MP: 5/5
  2411 | D:3      | Reached skill level 1 in Dodging
  2490 | D:3      | Found a faded altar of an unknown god.
  3214 | D:3      | Found a white marble altar of Elyvilon.
  3811 | D:4      | Slain by a gnoll

Illustrated notes

Levels and vault maps discovered:
D:1:      minmay_arrival_hallway, layout_basic, nicolae_the_louvre
D:2:      layout_rooms, kennysheep_cross_room, grunt_ministairs_15, minivault_5,
          chequers_mini_garden, kennysheep_generic_room_3
D:3:      layout_loops_ring, nicolae_elyvilon_peaceful_grove,
          serial_co_window_serial, co_window_corner_a, co_window_corner_a,
          co_window_corner_a, co_window_corner_a, co_window_corner_a,
          co_window_broadway_b, co_window_paths_c, co_window_2corner,
          co_window_unsneaky_path_a, co_window_of_opportunity_c, co_window_sun,
          glass_columns_a, glass_columns_a, glass_columns_c, glass_columns_a,
          glass_columns_a, chequers_ecumenical_altar_simple_redux
D:4:      layout_loops_ring, nzn_wu_jian_contemplation,
          ebering_ghost_reflecting_pool

Skill      XL: |  1  2  3  4  5 |
---------------+----------------+-----
Maces & Flails | 3 4 |  4.7
Armour         | 4 |  4.7
Dodging        | 1 |  1.3
Fighting       | 4 |  4.0
Shields        | |  3.9

Action                     |  1- 3 |  4- 6 || total
---------------------------+-------+-------++-------
  Melee: Flail             |    96 |   108 ||   204
    Use: Potion            |     2 |       ||     2
         Scroll            |       |     2 ||     2
 Armour: Scale mail        |     7 |       ||     7
         Ring mail         |    86 |    35 ||   121
         Chain mail        |       |    37 ||    37
  Dodge: Dodged            |    52 |    53 ||   105
  Block: Buckler           |    24 |    22 ||    46

Table legend: (Time is in decaauts)
 A = Elapsed time spent in this place.
 B = Non-inter-level travel time spent in this place.
 C = Inter-level travel time spent in this place.
 D = Time resting spent in this place.
 E = Time spent auto-exploring this place.
 F = Levels seen in this place.
 G = Mean time per level.
                   A        B        C        D        E       F      G
               +--------+--------+--------+--------+--------+-----+--------+
         Total |   3862 |   3296 |    566 |    100 |     27 |   4 |  965.5 |
       Dungeon |   3862 |   3296 |    566 |    100 |     27 |   4 |  965.5 |
               +--------+--------+--------+--------+--------+-----+--------+

Top non-repeatable levels by time:
     D:3: 1624 daAuts
     D:1: 1110 daAuts
     D:2: 1016 daAuts
     D:4: 111 daAuts
